 Dungeon Crawl Stone Soup version 0.31.0-11-ge490571c62 (webtiles) character file.

Game seed: 18097280157470698147

1476056 seandewar5 the Conqueror (level 27, 199/199 HPs)
             Began as a Kobold Hexslinger on Jan 29, 2024.
             Was a High Priest of Okawaru.
             Escaped with the Orb
             ... and 3 runes!
             The game lasted 04:14:14 (90942 turns).

seandewar5 the Conqueror (Kobold Hexslinger)       Turns: 90942, Time: 04:14:15

Health: 199/199    AC: 23    Str:  6    XL:     27
Magic:  33/33      EV: 48    Int: 11    God:    Okawaru [*****.]
Gold:   4960       SH:  5    Dex: 33    Spells: 20/36 levels left

rFire   + + .        a - +6 arbalest "Damnation" {damnation}
rCold   + . .        (shield currently unavailable)
rNeg    + + +        X - +3 leather armour "Urruta" {rF+ rC+}
rPois   +            c - +2 helmet {Int+3}
rElec   +            C - +2 cloak {rPois}
rCorr   +            G - +2 pair of gloves
SInv    +            w - +3 pair of boots of the Leaf {+Blink rN+++ Str-4 Slay+5}
Will    +++..        L - amulet of the Hippo {Reflect rElec Str+3 Int-4 Slay+5 SH+5}
Stlth   +++          z - ring of Arrival {rF+ Will+}
HPRegen 0.53/turn    N - ring of Beogh's Whim {rCorr Int-4 Dex+5 SInv}
MPRegen 0.23/turn

%: reflection
@: studying 3 skills
A: small, no large weapons, nightstalker 3, hooves 1, poison resistance,
electricity resistance
0: Orb of Zot
}: 3/15 runes: serpentine, barnacled, silver
a: Renounce Religion, Evoke Blink, Heroism, Finesse, Duel


You escaped.
You worshipped Okawaru.
Okawaru was extremely pleased with you.
You visited 10 branches of the dungeon, and saw 48 of its levels.
You visited 1 bazaar.
You also visited: Volcano and Desolation.

You collected 8578 gold pieces.
You spent 3618 gold pieces at shops.

Inventory:

Hand Weapons
 a - the +6 arbalest "Damnation" (weapon) {damnation}
   (Okawaru gifted it to you on level 4 of the Lair of Beasts)
 b - a +8 triple crossbow of flaming
Missiles
 d - 9 darts of dispersal
 y - 17 curare-tipped darts
 T - 8 throwing nets {!f =f}
Armour
 c - a +2 helmet of intelligence (worn)
 w - the +3 pair of boots of the Leaf (worn) {+Blink rN+++ Str-4 Slay+5}
   (You found it in the Desolation of Salt)

   Str-4:     It affects your strength (-4).
   Slay+5:    It affects your accuracy & damage with ranged weapons and melee
   (+5).
   rN+++:     It renders you almost immune to negative energy.
   +Blink:    It lets you blink.
 C - a +2 cloak of poison resistance (worn)
 G - a +2 pair of gloves (worn)
 J - the +3 pair of mountain boots {steadfast, rC+}
   (You acquired it on level 3 of the Depths)

   Steadfast: It prevents involuntary movement, except for blinking,
   teleportation, or banishment.
   rC+:       It protects you from cold.
 P - a scarf of resistance
 U - a +2 robe of willpower
 X - the +3 leather armour "Urruta" (worn) {rF+ rC+}
   (You took it off a merfolk impaler on level 3 of the Shoals)

   rF+:       It protects you from fire.
   rC+:       It protects you from cold.
Jewellery
 n - a ring of flight
 q - the amulet "Foimp" {Will+ Regen+ Int+3}
   (You found it on level 3 of the Depths)

   [amulet of regeneration]

   Int+3:     It affects your intelligence (+3).
   Will+:     It increases your willpower.
   Regen+:    It increases your rate of health regeneration.
 v - a +4 ring of protection
 z - the ring of Arrival (left hand) {rF+ Will+}
   (You found it in the Desolation of Salt)

   [ring of protection from fire]

   rF+:       It protects you from fire.
   Will+:     It increases your willpower.
 B - an amulet of Divine Compulsion {Reflect rPois rCorr Str-3 SH+5}
   (You found it on level 4 of the Shoals)

   [amulet of reflection]

   Reflect:   It reflects blocked missile attacks.
   Str-3:     It affects your strength (-3).
   rPois:     It protects you from poison rCorr: It protects you from acid and
   corrosion.
   SH+5:      It affects your SH (+5).
 L - an amulet of the Hippo (around neck) {Reflect rElec Str+3 Int-4 Slay+5 SH+5}
   (You took it off a servant of whispers in the Desolation of Salt)

   [amulet of reflection]

   Reflect:   It reflects blocked missile attacks.
   Str+3:     It affects your strength (+3).
   Int-4:     It affects your intelligence (-4).
   Slay+5:    It affects your accuracy & damage with ranged weapons and melee
   (+5).
   rElec:     It insulates you from electricity.
   SH+5:      It affects your SH (+5).
 N - the ring of Beogh's Whim (right hand) {rCorr Int-4 Dex+5 SInv}
   (You bought it in a shop on level 2 of the Snake Pit)

   [ring of see invisible]

   Int-4:     It affects your intelligence (-4).
   Dex+5:     It affects your dexterity (+5).
   SInv:      It lets you see invisible.
   rCorr:     It protects you from acid and corrosion.
Wands
 u - a wand of paralysis (49)
 A - a wand of polymorph (26)
 D - a wand of roots (45)
 F - a wand of flame (54)
 Q - a wand of mindburst (44)
 R - a wand of digging (4)
 W - a wand of acid (31)
Scrolls
 f - 11 scrolls of vulnerability
 h - 19 scrolls of teleportation {!r}
 o - 26 scrolls of identify
 p - 6 scrolls of fog
 s - 6 scrolls of immolation
 I - 4 scrolls of torment
 K - 9 scrolls of blinking
 S - 9 scrolls of fear
 V - 5 scrolls of poison {!r}
Potions
 e - 9 potions of enlightenment
 g - 7 potions of attraction
 i - 5 potions of brilliance
 j - 21 potions of curing
 k - 6 potions of haste
 m - 7 potions of lignification
 r - 10 potions of heal wounds
 E - a potion of ambrosia {!q}
 H - 3 potions of invisibility
 M - 6 potions of cancellation {!q}
 O - 8 potions of magic
 Y - 4 potions of mutation
 Z - 2 potions of resistance
Miscellaneous
 t - a phial of floods


   Skills:
 O Level 27 Fighting
 - Level 26.0 Ranged Weapons
 - Level 15.2 Throwing
 + Level 14.7 Armour
 * Level 26.5 Dodging
 - Level 12.0 Stealth
 - Level 2.0 Shields
 - Level 5.0 Spellcasting
 - Level 7.0 Hexes
 - Level 17.1 Translocations
 - Level 1.0 Fire Magic
 - Level 14.0 Invocations
 - Level 10.0 Evocations


You had 20 spell levels left.
You knew the following spells:

 Your Spells              Type           Power      Damage    Failure   Level
a - Jinxbite              Hex            36%        N/A       2%          2
b - Gell's Gravitas       Tloc           40%        N/A       1%          3
c - Dimensional Bullseye  Hex/Tloc       14%        N/A       1%          4
B - Blink                 Tloc           80%        N/A       1%          2
G - Passage of Golubria   Tloc           40%        N/A       1%          4
Z - Apportation           Tloc           80%        N/A       1%          1

Your spell library contained the following spells:

 Spells                   Type           Power      Damage    Failure   Level
 Lesser Beckoning         Tloc           80%        N/A       1%          2
 Momentum Strike          Conj/Tloc      42%        3d9       1%          2
 Teleport Other           Tloc           40%        N/A       1%          3
 Volatile Blastmotes      Fire/Tloc      44%        2d13      1%          3
 Manifold Assault         Tloc           40%        N/A       1%          4
 Dispersal                Tloc           20%        N/A       3%          6
 Sigil of Binding         Hex            18%        N/A       4%          3
 Iskenderun's Mystic Bla  Conj/Tloc      21%        2d6       9%          4
 Vhi's Electric Charge    Tloc/Air       42%        N/A       9%          4
 Inner Flame              Hex/Fire       11%        N/A       16%         3
 Cause Fear               Hex            9%         N/A       16%         4
 Freeze                   Ice            8%         1d3       28%         1
 Magic Dart               Conj           8%         1d3       28%         1
 Necrotise                Necr           8%         1d4       28%         1
 Shock                    Conj/Air       8%         1d3       28%         1
 Sting                    Conj/Alch      8%         1d3       28%         1
 Cigotuvi's Dreadful Rot  Necr/Alch/Air  4%         N/A       38%         2
 Mercury Vapours          Alch/Air       4%         N/A       38%         2
 Searing Ray              Conj           4%         2d4       38%         2
 Static Discharge         Conj/Air       4%         3-4/arc   38%         2
 Sublimation of Blood     Necr           2%         N/A       38%         2
 Frozen Ramparts          Ice            4%         1d1       63%         3
 Fugue of the Fallen      Necr           2%         N/A       63%         3
 Hailstorm                Conj/Ice       2%         3d5       63%         3
 Mephitic Cloud           Conj/Alch/Air  2%         N/A       63%         3
 Ozocubu's Armour         Ice            2%         N/A       63%         3
 Passwall                 Erth           2%         N/A       63%         3
 Stone Arrow              Conj/Erth      4%         3d7       63%         3
 Vampiric Draining        Necr           2%         2d6       63%         3
 Disjunction              Tloc           20%        N/A       86%         8
 Metabolic Englaciation   Hex/Ice        5%         N/A       88%         5
 Silence                  Hex/Air        5%         N/A       88%         5
 Yara's Violent Unravell  Hex/Alch       5%         3d4       88%         5
 Ignite Poison            Fire/Alch      3%         N/A       92%         4
 Airstrike                Air            1%         2d(1-17)  95%         4
 Brom's Barrelling Bould  Conj/Erth      2%         2d3       95%         4
 Fulminant Prism          Conj/Alch      1%         3d5       95%         4
 Leda's Liquefaction      Alch/Erth      1%         N/A       95%         4
 Petrify                  Alch/Erth      2%         N/A       95%         4
 Arcjolt                  Conj/Air       1%         1d11      100%        5
 Borgnjor's Vile Clutch   Necr/Erth      1%         N/A       100%        5
 Curse of Agony           Necr           2%         N/A       100%        5
 Freezing Cloud           Conj/Ice/Air   1%         6-21      100%        5
 Irradiate                Conj/Alch      1%         3d12      100%        5
 Conjure Ball Lightning   Conj/Air       1%         3x3d6     100%        6
 Eringya's Noxious Bog    Alch           1%         4d6       100%        6
 Plasma Beam              Fire/Air       1%         2x1d11    100%        6
 Enfeeble                 Hex            9%         N/A       100%        7
 Discord                  Hex            9%         N/A       100%        8
 Ignition                 Fire           2%         3d3       100%        8
 Lehudib's Crystal Spear  Conj/Erth      1%         10d2      100%        8
 Maxwell's Capacitive Co  Air            1%         ∞         100%        8
 Chain Lightning          Conj/Air       1%         3d1       100%        9
 Summon Small Mammal      Summ           Unusable   N/A       N/A         1
 Call Imp                 Summ           Unusable   N/A       N/A         2
 Call Canine Familiar     Summ           Unusable   N/A       N/A         3
 Summon Ice Beast         Ice/Summ       Unusable   N/A       N/A         3
 Animate Armour           Summ/Erth      Unusable   N/A       N/A         4
 Animate Dead             Necr           Unusable   N/A       N/A         4
 Martyr's Knell           Necr/Summ      Unusable   N/A       N/A         4
 Summon Lightning Spire   Summ/Air       Unusable   N/A       N/A         4
 Death Channel            Necr           Unusable   N/A       N/A         6
 Sculpt Simulacrum        Ice/Alch       Unusable   N/A       N/A         6

Dungeon Overview and Level Annotations

Branches:
Dungeon (15/15)            Temple (1/1) D:4            Lair (5/5) D:10
 Shoals (4/4) Lair:3        Snake (4/4) Lair:3        Slime (0/5) Lair:4
    Orc (2/2) D:11            Elf (3/3) Orc:2        Vaults (5/5) D:13
  Crypt (0/3) Vaults:2     Depths (4/4) D:15            Zot (5/5) Depths:4
Volcano (visited)         Desolation (visited)

Altars:
Ashenzari
Cheibriados
Dithmenos
Elyvilon
Fedhas
Gozag
Hepliaklqana
Kikubaaqudgha
Makhleb
Nemelex Xobeh
Okawaru
Qazlal
Ru
Sif Muna
Trog
Uskayaw
Vehumet
Wu Jian
Xom
Yredelemnul
Zin
The Shining One
Jiyva

Shops:
D:3 (   D:5 =   D:6 (   D:10 *   D:11 *   D:12 *   D:13 (   Orc:2 *[=(
Snake:2 =[   Snake:3 =   Vaults:5 ?!?   Depths:1 *   Depths:2 [=?
Depths:4 :=:

Portals:
Hell: Depths:1 Depths:2 Depths:3 Depths:4
Abyss: Depths:1 Depths:2 Depths:3 Depths:4
Pandemonium: Depths:2 Depths:3
Ziggurat: Depths:1

Annotations:
D:3 1 runed translucent door
Snake:3 exclusion: 2 downstairs
Elf:2 3 runed translucent doors
Zot:3 4 transporters


Innate Abilities, Weirdness & Mutations

You are small and have problems with some larger weapons.
You are completely attuned to the shadows.
You have large cloven feet.
Your system is resistant to poisons. (rPois)
You are resistant to electric shocks. (rElec)


Message History

The damnation bolt closely misses the soul eater.
You shoot a damnation bolt. The damnation bolt hits the soul eater!
The soul eater is almost dead.
The damnation bolt explodes!
The damnation engulfs the soul eater!!
You kill the soul eater!
Okawaru accepts your kill.
There is a stone staircase leading up here.
You climb upwards.
There is a stone staircase leading down here.
There is an open door here.
There is an escape hatch in the ceiling here.
A mysterious force pulls you upwards. The hatch slams shut behind you.
Level annotation: 1 runed translucent door
There is a stone staircase leading up here.
You climb upwards.
There is a stone staircase leading down here.
You see here a +0 club.
You see here a +0 club.
You see here a +0 chain mail.
There is a stone staircase leading up here.
You see here a +1 sling.
You climb upwards.
There is a stone staircase leading down here.
HP restored.
There is an open door here.
You see here a +0 ring mail.
A smoke demon comes into view.
There is a staircase leading out of the dungeon here.
You shoot a damnation bolt.
The damnation bolt hits the smoke demon.
The smoke demon is lightly wounded.
The damnation bolt explodes!
The damnation engulfs the smoke demon.
The smoke demon is lightly wounded.
You shoot a damnation bolt.
The damnation bolt hits the smoke demon!!
The smoke demon is almost dead.
The damnation bolt explodes!
The damnation engulfs the smoke demon!
You kill the smoke demon!
Okawaru accepts your kill.
You have escaped!

#.........##.#
#.#######.##.# #.#
#.##.#
#.#######.##.#
#..........[.###
##........##....
#♣#♣#...)....##.###
##.♣.##..........#
#P#@#P#.......####
##P[P##......#######
#P♣.♣P#......###....
#♣...♣###........###
#.....# ##########
#.~8~.# #.~~~.#
#.~#~.# #'###'#


There were no monsters in sight!

Vanquished Creatures
  3 dread liches
  3 ancient liches
  11 orbs of fire (Zot:5)
  Mara (Shoals:3)
  Boris (Depths:1)
  5 Killer Klowns
  Saint Roka (Orc:2)
  2 curse toes
  15 golden dragons
  Nikola (Snake:4)
  5 electric golems
  2 Hell Sentinels
  Jorgrun (D:15)
  8 liches
  22 tentacled monstrosities
  2 deep elf blademasters (Elf:3)
  29 Orb Guardians
  3 deep elf master archers
  5 quicksilver dragons
  11 sphinxes
  4 titans
  A walking divine tome (Depths:3)
  Polyphemus (Shoals:4)
  5 death cobs
  Frances (Shoals:2)
  Kirke (Lair:4)
  10 tengu reavers
  A pandemonium lord (Depths:4)
  2 daevas (Depths:1)
  3 nagarajas (Snake:4)
  10 shadow dragons
  14 storm dragons
  Aizul (Snake:1)
  Donald (Elf:2)
  Roxanne (Shoals:2)
  10 draconian monks
  5 draconian knights
  Ilsuiw (Shoals:2)
  A demonspawn warmonger (Depths:3)
  4 protean progenitors (Zot:4)
  8 draconian scorchers
  2 imperial myrmidons (Desolation)
  9 draconian shifters
  4 deep elf sorcerers
  8 fire giants
  4 frost giants
  18 vault wardens
  4 deep elf elementalists (Elf:3)
  An orc warlord (Vaults:4)
  A ghost moth (Zot:3)
  2 balrugs
  A reaper (Depths:3)
  2 spriggan defenders
  6 draconian stormcallers
  4 spectral caustic shrikes (Depths:4)
  10 draconian annihilators
  A cacodemon (Depths:1)
  4 formless jellyfish
  19 ironbound preservers
  15 stone giants
  7 ironbound thunderhulks
  7 deep elf demonologists
  A demonspawn blood saint (Depths:3)
  31 very ugly things
  5 deep elf death magi
  11 green draconians
  14 black draconians
  4 spark wasps
  12 yellow draconians
  11 deep elf annihilators
  6 war gargoyles
  8 purple draconians
  12 dire elephants
  2 halazid warlocks (Desolation)
  2 minotaurs (Shoals:4)
  15 white draconians
  Azrael (Snake:2)
  12 red draconians
  16 ettins
  The ghost of Zuqod the Spry, a journeyman SpEn of Wu Jian (Orc:2)
  3 crystal guardians
  Snorg (D:11)
  15 yaktaur captains
  8 fire dragons
  A merfolk javelineer (Shoals:3)
  Josephine (Orc:1)
  5 merfolk impalers
  4 hydras
  7 ragged hierophants (Desolation)
  2 entropy weavers
  3 deep elf high priests
  3 salamander tyrants (Snake:4)
  A rakshasa (Depths:1)
  12 peacekeepers
  7 great orbs of eyes
  5 ice dragons
  4 ogre magi
  33 vault guards
  5 spriggan air magi
  4 servants of whispers (Desolation)
  11 ironbound frosthearts
  12 anacondas
  12 centaur warriors
  Erica (Lair:1)
  2 merfolk aquamancers
  6 catoblepae
  3 merfolk avatars
  20 death yaks
  12 naga warriors
  11 dancing weapons
  3 boulder beetles
  A death knight (D:14)
  3 deep troll earth magi
  14 two-headed ogres
  2 satyrs (shapeshifter)
  14 satyrs
  A vampire mage (Vaults:2)
  An orc high priest (Orc:2)
  6 spriggan berserkers
  4 deep troll shamans
  11 shock serpents
  24 naga sharpshooters
  7 deep elf knights
  5 occultists
  7 hell knights
  5 skysharks
  A soul eater (D:5)
  3 sun demons
  Sonja (Lair:4)
  3 sixfirhies
  2 salamander mystics
  4 skeletal warriors (D:13)
  12 sea snakes
  A skyshark (shapeshifter) (Vaults:5)
  The ghost of hadoken the Thaumaturge, a novice DEEE of Sif Muna (D:9)
  3 iron trolls
  4 arcanists
  A sea snake (shapeshifter) (Vaults:5)
  2 glowing orange brains
  2 flayed ghosts
  11 deep elf archers
  14 mana vipers
  A lindwurm (shapeshifter) (Depths:3)
  8 naga ritualists
  A mana viper (shapeshifter) (Vaults:5)
  35 deep trolls
  A deep troll (shapeshifter) (Vaults:5)
  4 phantasmal warriors (Vaults:5)
  An orange crystal statue (D:14)
  A necromancer (Depths:3)
  8 lindwurms
  10 ironbound convokers
  21 harpies
  A large abomination (Zot:5)
  5 lightning spires (Zot:3)
  20 deep elf zephyrmancers
  25 deep elf pyromancers
  5 orc knights
  12 cyclopes
  26 manticores
  27 ugly things
  7 orc sorcerers
  14 salamanders
  19 fauns
  An oklob plant (Orc:1)
  A wolf spider (Vaults:5)
  4 elephants
  A rust devil (Depths:3)
  An ice statue (D:14)
  21 moths of wrath
  9 merfolk sirens
  A torpor snail (shapeshifter) (Vaults:5)
  12 guardian serpents
  40 black mambas
  4 molten gargoyles
  5 water nymphs
  A gargoyle (D:12)
  2 orange demons
  13 naga magi
  23 vault sentinels
  9 cane toads
  A cane toad (shapeshifter) (Elf:2)
  An unseen horror (D:10)
  2 smoke demons
  Maggie (D:7)
  2 efreet (D:14)
  2 rime drakes (Lair:5)
  2 freezing wraiths
  42 yaktaurs
  11 komodo dragons
  2 ice devils (D:11)
  4 tengu conjurers
  A queen bee (shapeshifter) (D:15)
  5 trolls
  25 merfolk
  A red devil (Depths:4)
  Psyche (D:9)
  4 wind drakes
  2 polar bears
  3 hornets
  2 glass eyes
  49 saltlings (Desolation)
  10 snapping turtles
  6 dream sheep
  6 shadows
  32 slime creatures
  2 air elementals
  3 spriggans
  3 vampires (Vaults:2)
  10 water elementals
  3 fire elementals
  3 fire bats (Volcano)
  5 wraiths
  66 yaks
  4 wyverns
  5 hogs
  A warg (Orc:2)
  5 basilisks
  The ghost of vcxz the Shield-Bearer, an amateur NaWn (D:3)
  A redback (Vaults:3)
  A chaos spawn (Depths:4)
  A steam dragon (D:7)
  32 nagas
  4 hell hounds (Snake:2)
  22 water moccasins
  5 acid dragons
  2 black bears
  26 orc warriors
  4 boggarts (Vaults:1)
  13 ogres
  24 centaurs
  A kobold brigand (D:8)
  Blork the orc (D:6)
  5 bullfrogs
  3 scorpions
  A gnoll sergeant (D:10)
  3 earth elementals
  5 wights (D:9)
  21 killer bees
  4 electric eels
  4 lava snakes (Volcano)
  2 howler monkeys
  A bombardier beetle (D:3)
  10 jellies
  16 orc priests
  A gnoll bouda (D:8)
  3 hounds (D:6)
  5 iguanas
  20 orc wizards
  Robin (D:2)
  10 gnolls
  An adder (D:3)
  4 shadow imps
  A white imp (D:5)
  2 ribbon worms
  2 dart slugs
  66 orcs
  6 endoplasms
  5 giant cockroaches
  13 goblins
  8 hobgoblins
  2 jackals (D:5)
  3 training dummies (D:13)
  3 ball pythons
  2 bats
  5 frilled lizards
  10 kobolds
  6 rats
  2 aspiring fleshes (Zot:4)
2017 creatures vanquished.

Vanquished Creatures (others)
  A storm dragon (Zot:3)
  A draconian stormcaller (Zot:3)
  A shock serpent (Zot:3)
  A moth of wrath (Zot:1)
  A centaur (D:13)
5 creatures vanquished.

Grand Total: 2022 creatures vanquished

Notes
Turn   | Place    | Note
-------+----------+-------------------------------------------
     0 | D:1      | seandewar5 the Kobold Hexslinger began the quest for the
                  | Orb.
     0 | D:1      | Reached XP level 1. HP: 12/12 MP: 2/2
   457 | D:1      | Reached XP level 2. HP: 16/16 MP: 3/3
   460 | D:1      | Learned a level 2 spell: Jinxbite
   675 | D:1      | Reached skill level 1 in Stealth
  1108 | D:1      | Reached XP level 3. HP: 20/20 MP: 4/4
  1342 | D:2      | Found a faded altar of an unknown god.
  1384 | D:2      | Found a burning altar of Makhleb.
  1671 | D:2      | Noticed Robin
  3531 | D:2      | Killed Robin
  3532 | D:2      | Reached XP level 4. HP: 22/25 MP: 2/5
  3690 | D:3      | Found a blossoming altar of Fedhas.
  3949 | D:3      | Found a runed translucent door.
  4413 | D:3      | Found Radej's Antique Weapon Shoppe.
  4508 | D:3      | Reached skill level 5 in Ranged Weapons
  4508 | D:3      | Reached XP level 5. HP: 29/29 MP: 3/6
  4600 | D:3      | Found a runed translucent door.
  4983 | D:4      | Reached skill level 1 in Shields
  5289 | D:4      | Found a staircase to the Ecumenical Temple.
  5296 | Temple   | Entered the Ecumenical Temple
  5305 | Temple   | Became a worshipper of Warmaster Okawaru
  6569 | D:5      | Entered Level 5 of the Dungeon
  6633 | D:5      | Got Defisipa's Vellum of Toxicity and the Crevasse
  6770 | D:3      | Bought a faintly glowing shortbow for 144 gold pieces
  6770 | D:3      | Identified the +4 shortbow "Grim" {heavy, Will+ Str+2
                  | Int+4} (You bought it in a shop on level 3 of the Dungeon)
  7006 | D:5      | Reached XP level 6. HP: 34/34 MP: 7/7
  7141 | D:5      | Noticed a water moccasin
  7217 | D:5      | Noticed an ogre
  7271 | D:5      | Found Wyokucri's Jewellery Shop.
  7723 | D:4      | Reached XP level 7. HP: 38/38 MP: 5/8
  7906 | D:4      | Found a staircase to the Ecumenical Temple.
  8885 | D:5      | Reached * piety under Okawaru
  8886 | D:5      | Reached skill level 2 in Fighting
  9382 | D:6      | Noticed a hornet
  9418 | D:5      | Reached XP level 8. HP: 38/44 MP: 6/9
 10376 | D:6      | Noticed Blork the orc
 10388 | D:6      | Reached ** piety under Okawaru
 10389 | D:6      | Reached skill level 10 in Ranged Weapons
 10394 | D:6      | Killed Blork the orc
 10571 | D:6      | Killed a hornet
 10572 | D:6      | Reached skill level 5 in Hexes
 10670 | D:6      | Found Nen Gigeis's Antique Weapon Emporium.
 11003 | D:6      | Reached XP level 9. HP: 44/48 MP: 10/10
 11494 | D:7      | Noticed Maggie
 11530 | D:7      | Reached *** piety under Okawaru
 12619 | D:3      | Noticed vcxz's ghost (amateur NaWn)
 12978 | D:6      | Identified the +0 leather armour "Gusmo" {Dex+4}
 13097 | D:8      | Found a basalt altar of Yredelemnul.
 13243 | D:8      | Got the Directory of the Welkin and Coordinates
 13484 | D:8      | Reached skill level 5 in Stealth
 13491 | D:8      | Reached XP level 10. HP: 52/54 MP: 9/13
 14181 | D:8      | Reached **** piety under Okawaru
 14182 | D:8      | Reached skill level 3 in Fighting
 14325 | D:8      | Noticed a red ugly thing
 14721 | D:8      | Reached skill level 1 in Translocations
 14826 | D:8      | Found a shimmering altar of Xom.
 14872 | D:8      | Found a broken altar of Ashenzari.
 15261 | D:9      | Reached skill level 4 in Fighting
 15669 | D:9      | Reached skill level 5 in Fighting
 15801 | D:9      | Noticed Psyche
 15881 | D:9      | Found a runed translucent gate.
 15881 | D:9      | Found a runed translucent gate.
 15882 | D:9      | Found a runed translucent gate.
 15882 | D:9      | Noticed hadoken's ghost (novice DEEE)
 16302 | D:10     | Entered Level 10 of the Dungeon
 16603 | D:10     | Reached ***** piety under Okawaru
 16664 | D:10     | Found a staircase to the Lair.
 16665 | D:10     | Noticed a komodo dragon
 16687 | D:10     | Killed a komodo dragon
 16716 | D:10     | Identified 3 scrolls of acquirement
 16716 | D:10     | Acquired a +1 robe of willpower
 16728 | D:10     | Acquired 781 gold pieces
 16730 | D:10     | Acquired 381 gold pieces
 16770 | D:10     | Learned a level 4 spell: Dimensional Bullseye
 16894 | D:10     | Reached skill level 6 in Fighting
 16894 | D:10     | Reached XP level 11. HP: 64/64 MP: 12/15
 16941 | D:10     | Received a gift from Okawaru
 16942 | D:10     | Reached skill level 5 in Translocations
 16963 | D:10     | Reached skill level 5 in Dodging
 17543 | D:9      | Reached skill level 10 in Stealth
 17583 | D:10     | Found a hazy altar of Hepliaklqana.
 17586 | D:10     | Found a radiant altar of Vehumet.
 17586 | D:10     | Found a hide-covered altar of Uskayaw.
 17589 | D:10     | Found a shadowy altar of Dithmenos.
 17771 | D:10     | Found a bloodstained altar of Trog.
 17999 | D:10     | Found Pur Ginn's General Store.
 18018 | D:10     | Bought 2 scrolls of identify for 52 gold pieces
 18062 | D:11     | Found Xuikla Lesh's CLEARANCE SALE!.
 18067 | D:11     | Bought a scroll of identify for 10 gold pieces
 18067 | D:11     | Bought a potion of haste for 50 gold pieces
 18371 | D:11     | Found a staircase to the Orcish Mines.
 18720 | D:11     | Reached skill level 15 in Ranged Weapons
 18736 | D:11     | Noticed a manticore
 18759 | D:11     | Noticed a two-headed ogre
 18998 | D:11     | Noticed a boulder beetle
 19293 | D:11     | Learned a level 2 spell: Blink
 19402 | D:9      | Killed Psyche
 19506 | Lair:1   | Entered Level 1 of the Lair of Beasts
 19554 | Lair:1   | Learned a level 3 spell: Gell's Gravitas
 20011 | Lair:1   | Noticed Erica
 20021 | Lair:1   | Killed Erica
 20021 | Lair:1   | Received a gift from Okawaru
 20177 | Lair:1   | Reached XP level 12. HP: 70/70 MP: 12/16
 20341 | Lair:2   | Identified the staff "Quixaog" {rN+ Necro Alchemy}
 20463 | Lair:2   | Acquired the +4 arbalest of Might {antimagic, rC++ SInv
                  | Stlth+}
 20679 | Lair:2   | Received a gift from Okawaru
 21121 | Lair:3   | Reached skill level 1 in Invocations
 21253 | Lair:3   | Found a staircase to the Shoals.
 21628 | Lair:3   | Reached skill level 7 in Fighting
 21743 | Lair:3   | Found a staircase to the Snake Pit.
 21762 | Lair:3   | Reached ****** piety under Okawaru
 21795 | Lair:3   | Received a gift from Okawaru
 21946 | Lair:3   | Reached XP level 13. HP: 69/76 MP: 17/17
 22412 | Lair:4   | Noticed a catoblepas
 22413 | Lair:4   | Noticed Kirke
 23038 | Lair:4   | Received a gift from Okawaru
 23110 | Lair:4   | Found a viscous altar of Jiyva.
 23230 | Lair:4   | Found a staircase to the Slime Pits.
 23253 | Lair:4   | Noticed Sonja
 23708 | Lair:4   | Reached skill level 8 in Fighting
 23870 | Lair:4   | Noticed a sphinx
 24077 | Lair:4   | Noticed a sphinx
 24077 | Lair:4   | Killed Kirke
 24401 | Lair:4   | Noticed a seven-headed hydra
 24797 | Lair:4   | Killed a seven-headed hydra
 24798 | Lair:4   | Acquired the +6 arbalest "Damnation" {damnation}
 24798 | Lair:4   | Received a gift from Okawaru
 24798 | Lair:4   | Found the +6 arbalest "Damnation" {damnation}
 24893 | Lair:4   | Reached skill level 5 in Invocations
 24918 | Lair:4   | Killed a catoblepas
 24918 | Lair:4   | Received a gift from Okawaru
 24926 | Lair:4   | Reached skill level 9 in Fighting
 25174 | Lair:4   | Killed Sonja
 25210 | Lair:5   | Entered Level 5 of the Lair of Beasts
 25225 | Lair:5   | Received a gift from Okawaru
 25405 | Lair:5   | Noticed a seven-headed hydra
 25481 | Lair:5   | Killed a seven-headed hydra
 25492 | Lair:5   | Reached skill level 10 in Fighting
 25492 | Lair:5   | Reached skill level 10 in Dodging
 25505 | Lair:5   | Reached XP level 14. HP: 88/88 MP: 18/18
 25526 | Lair:5   | Found a dark tunnel.
 25532 | Volcano  | Entered a volcano
 25703 | Volcano  | Reached skill level 1 in Armour
 25713 | Volcano  | Received a gift from Okawaru
 25722 | Volcano  | Found a radiant altar of Vehumet.
 26371 | Lair:5   | Reached skill level 11 in Fighting
 26440 | Lair:5   | Received a gift from Okawaru
 26661 | Lair:5   | Found a hide-covered altar of Uskayaw.
 26663 | Lair:5   | Received a gift from Okawaru
 27029 | D:7      | Killed Maggie
 27197 | D:3      | Killed vcxz's ghost
 27377 | D:8      | Reached skill level 12 in Fighting
 27417 | D:9      | Killed hadoken's ghost
 27424 | D:9      | Found a viscous altar of Jiyva.
 27562 | D:11     | Reached XP level 15. HP: 96/96 MP: 19/19
 27726 | D:12     | Noticed Snorg
 27785 | D:11     | Killed Snorg
 27964 | D:12     | Received a gift from Okawaru
 28054 | D:12     | Identified the +0 leather armour of Mutualism {*Corrode
                  | rPois Int+5 Dex+3}
 28094 | D:12     | Found Wuraej's General Store.
 28107 | D:12     | Bought a potion of resistance for 110 gold pieces
 28107 | D:12     | Bought a potion of heal wounds for 55 gold pieces
 28124 | D:12     | Identified the +2 dagger "Ila Mawy" {freeze, Dex+3}
 28423 | D:13     | Reached skill level 5 in Armour
 28491 | D:13     | Found a gate to the Vaults.
 28561 | D:13     | You fall into a shaft and drop 1 floor!
 28790 | D:13     | Found Xired's Firing Range.
 29001 | D:14     | Received a gift from Okawaru
 29017 | D:14     | Reached skill level 1 in Evocations
 29901 | D:14     | Found a shadowy altar of Dithmenos.
 29933 | D:15     | Entered Level 15 of the Dungeon
 29944 | D:15     | Reached skill level 13 in Fighting
 30287 | D:15     | Noticed Jorgrun
 30295 | D:15     | Killed Jorgrun
 30295 | D:15     | Received a gift from Okawaru
 30351 | D:15     | Found an ancient bone altar of Kikubaaqudgha.
 30731 | D:15     | Reached XP level 16. HP: 104/104 MP: 23/23
 31021 | D:15     | Found a staircase to the Depths.
 31369 | Orc:1    | Entered Level 1 of the Orcish Mines
 31831 | Orc:1    | Noticed Josephine
 31836 | Orc:1    | Killed Josephine
 31991 | Orc:1    | Received a gift from Okawaru
 32387 | Orc:2    | Entered Level 2 of the Orcish Mines
 32523 | Orc:2    | Found a staircase to the Elven Halls.
 32535 | Orc:2    | Reached skill level 10 in Invocations
 32599 | Orc:2    | Found a runed translucent door.
 32646 | Orc:2    | Paralysed by an orc sorcerer for 3 turns
 32790 | Orc:2    | Received a gift from Okawaru
 32796 | Orc:2    | Noticed Saint Roka
 32810 | Orc:2    | Noticed Zuqod's ghost (journeyman SpEn)
 33280 | Orc:2    | Killed Saint Roka
 33349 | Orc:2    | Found Fiotsos's General Store.
 33354 | Orc:2    | Bought a scroll of identify for 24 gold pieces
 33366 | Orc:2    | Found Loassomu's Jewellery Shop.
 33448 | Orc:2    | Found Sumeaddu's Antique Armour Shop.
 33468 | Orc:2    | Found Zeeqejiu's Antique Weapon Shop.
 33626 | Orc:2    | Killed Zuqod's ghost
 33713 | Orc:2    | Bought the ring of Equilibrium {Will+ Str+6} for 583 gold
                  | pieces
 33880 | Shoals:1 | Entered Level 1 of the Shoals
 33931 | Shoals:1 | Reached skill level 14 in Fighting
 33966 | Shoals:1 | Reached skill level 5 in Evocations
 33982 | Shoals:1 | Received a gift from Okawaru
 34219 | Shoals:1 | Identified the +1 dagger "Worm's Wrath" {venom, Int+3}
 34456 | Shoals:1 | You fall into a shaft and drop 1 floor!
 34457 | Shoals:2 | Noticed Ilsuiw
 34460 | Shoals:2 | Received a gift from Okawaru
 34470 | Shoals:2 | Identified the +8 plate armour of Too Many Cooks {Int+3}
 34716 | Shoals:1 | Reached XP level 17. HP: 111/111 MP: 25/25
 35080 | Shoals:2 | Killed Ilsuiw
 35160 | Shoals:2 | Noticed Roxanne
 35168 | Shoals:2 | Killed Roxanne
 35364 | Shoals:2 | Received a gift from Okawaru
 35908 | Shoals:2 | Noticed Frances
 35924 | Shoals:2 | Killed Frances
 36297 | Shoals:3 | Received a gift from Okawaru
 36998 | Shoals:3 | Identified the +3 leather armour "Urruta" {rF+ rC+}
 37733 | Shoals:3 | Noticed Mara
 38310 | Shoals:3 | Noticed seandewar5's illusion
 38311 | Shoals:3 | Killed Mara
 38311 | Shoals:3 | Received a gift from Okawaru
 38471 | Shoals:3 | Reached skill level 15 in Dodging
 38614 | Shoals:4 | Entered Level 4 of the Shoals
 38858 | Shoals:4 | Received a gift from Okawaru
 38859 | Shoals:4 | Reached skill level 15 in Fighting
 38863 | Shoals:4 | Reached XP level 18. HP: 110/119 MP: 27/27
 38917 | Shoals:4 | Noticed a sphinx
 38923 | Shoals:4 | Killed a sphinx
 38931 | Shoals:4 | Noticed Polyphemus
 38938 | Shoals:4 | Killed Polyphemus
 39034 | Shoals:4 | Learned a level 4 spell: Passage of Golubria
 39048 | Shoals:4 | Received a gift from Okawaru
 39048 | Shoals:4 | Noticed a sphinx
 39054 | Shoals:4 | Killed a sphinx
 39281 | Shoals:4 | Identified the +6 spear of the Key {flame, Will+ Str+3
                  | Int+3 Dex-5}
 39320 | Shoals:4 | Identified an amulet of Divine Compulsion {Reflect rPois
                  | rCorr Str-3 SH+5}
 39361 | Shoals:4 | Got a barnacled rune of Zot
 39491 | Snake:1  | Entered Level 1 of the Snake Pit
 39697 | Snake:1  | Acquired a +1 crystal plate armour
 39697 | Snake:1  | Received a gift from Okawaru
 39993 | Snake:1  | Received a gift from Okawaru
 40391 | Snake:1  | Identified the serpent talisman of Noicoh {rF+ rCorr
                  | Slay-4}
 40391 | Snake:1  | Noticed Aizul
 40398 | Snake:1  | Killed Aizul
 40778 | Snake:2  | Found Dimn's Armour Shoppe.
 40892 | Snake:2  | Found Biojef's Jewellery Emporium.
 41106 | Snake:2  | Received a gift from Okawaru
 41120 | Snake:2  | Reached XP level 19. HP: 119/125 MP: 23/29
 41281 | Snake:2  | Noticed Azrael
 41308 | Snake:2  | Killed Azrael
 41325 | Snake:2  | Reached skill level 16 in Fighting
 41891 | Snake:3  | Received a gift from Okawaru
 42012 | Snake:3  | Found Viram's Jewellery Shop.
 42866 | Snake:4  | Entered Level 4 of the Snake Pit
 42874 | Snake:3  | Reached skill level 5 in Spellcasting
 43460 | Snake:4  | Received a gift from Okawaru
 44209 | Snake:4  | Reached skill level 10 in Evocations
 44294 | Snake:4  | Noticed Nikola
 44810 | Snake:4  | Reached skill level 17 in Fighting
 45001 | Snake:4  | Received a gift from Okawaru
 45270 | Snake:4  | Acquired a manual of Translocations
 45494 | Snake:4  | Reached XP level 20. HP: 134/134 MP: 30/30
 45764 | Snake:4  | Got a serpentine rune of Zot
 46131 | Snake:4  | Killed Nikola
 46604 | Elf:1    | Entered Level 1 of the Elven Halls
 46610 | Elf:1    | Received a gift from Okawaru
 46982 | Elf:1    | Found a huge runed translucent gate.
 46982 | Elf:1    | Found a huge runed translucent gate.
 46983 | Elf:1    | Found a huge runed translucent gate.
 46984 | Elf:1    | Found a huge runed translucent gate.
 46984 | Elf:1    | Found a huge runed translucent gate.
 46984 | Elf:1    | Found a huge runed translucent gate.
 46984 | Elf:1    | Found a huge runed translucent gate.
 46985 | Elf:1    | Found a huge runed translucent gate.
 46985 | Elf:1    | Found a huge runed translucent gate.
 46986 | Elf:1    | Found a huge runed translucent gate.
 46986 | Elf:1    | Found a huge runed translucent gate.
 46987 | Elf:1    | Found a huge runed translucent gate.
 46987 | Elf:1    | Found a huge runed translucent gate.
 46987 | Elf:1    | Found a huge runed translucent gate.
 46987 | Elf:1    | Found a huge runed translucent gate.
 47025 | Elf:1    | Found a huge runed translucent gate.
 47025 | Elf:1    | Found a huge runed translucent gate.
 47025 | Elf:1    | Found a huge runed translucent gate.
 47025 | Elf:1    | Found a huge runed translucent gate.
 47027 | Elf:1    | Found a huge runed translucent gate.
 47557 | Elf:1    | Identified the +3 dagger of Tender Mercy {venom, MP+9
                  | Dex+5}
 47846 | Elf:1    | Reached skill level 10 in Translocations
 48354 | Elf:1    | Reached skill level 18 in Fighting
 48483 | Elf:2    | Received a gift from Okawaru
 49015 | Elf:2    | Noticed Donald
 49024 | Elf:2    | Killed Donald
 49523 | Elf:2    | Found a runed translucent gate.
 49523 | Elf:2    | Found a runed translucent gate.
 49523 | Elf:2    | Found a runed translucent gate.
 49976 | Elf:3    | Entered Level 3 of the Elven Halls
 50068 | Elf:3    | Identified the +5 dagger of Meager Forgiveness {freeze,
                  | rPois rCorr Str+5 Stlth-}
 50135 | Elf:3    | Learned a level 1 spell: Apportation
 51321 | Elf:3    | Received a gift from Okawaru
 51680 | Elf:3    | Noticed a Hell Sentinel
 52081 | Elf:3    | Identified the +0 ring mail of Yzxatsonk {Fly rF+ rC+}
 52107 | Elf:3    | Reached XP level 21. HP: 63/142 MP: 27/31
 52642 | Elf:3    | Identified the ring "Pyunip" {Fire rN++ Dex+3 Slay-3}
 53811 | Elf:3    | Identified the ring "Rakkenk" {rF+ rN+ MP+9 Str+2}
 54061 | Elf:3    | Received a gift from Okawaru
 54610 | Elf:3    | Identified the serpent talisman "Qafrizom" {Str+3}
 54612 | Elf:3    | Got Gizuasm's Information on Charmed Arcane Weapons
 54978 | Vaults:1 | Entered Level 1 of the Vaults
 55445 | Vaults:1 | Found a crumbling gateway.
 55451 | Desolati | Entered the Desolation of Salt
 55997 | Desolati | Reached skill level 19 in Fighting
 56002 | Desolati | Identified the +4 battleaxe of Ejuxukoq {freeze, Str+2
                  | Int+3 SInv}
 56002 | Desolati | Identified an amulet of the Hippo {Reflect rElec Str+3
                  | Int-4 Slay+5 SH+5}
 56441 | Desolati | Identified the +9 flail of Ujaaf {heavy, Str+3 Int+2}
 56841 | Desolati | Identified the ring of the Ego {rElec rF+}
 56869 | Desolati | Identified the +3 pair of boots of the Leaf {+Blink rN+++
                  | Str-4 Slay+5}
 56871 | Desolati | Got Quoc's Textbook on Command and the Cumulonimbus
 56888 | Desolati | Identified the +3 lajatang of Fear {heavy, ^Drain rCorr
                  | Str+8}
 57029 | Desolati | Identified the ring of Arrival {rF+ Will+}
 57226 | Desolati | Got Sif Muna's Almanac of Earth
 57230 | Desolati | Identified the ring "Eptytys" {Wiz rPois}
 57243 | Desolati | Identified the +2 ring mail of Retei {Slay+2}
 57590 | Vaults:1 | Paralysed by a formless jellyfish for 1 turns
 57828 | Vaults:1 | Reached XP level 22. HP: 118/151 MP: 32/32
 58448 | Vaults:1 | Reached skill level 20 in Fighting
 59090 | Vaults:2 | Received a gift from Okawaru
 60329 | Vaults:2 | Found a staircase to the Crypt.
 61058 | Vaults:2 | Received a gift from Okawaru
 61413 | Vaults:3 | Paralysed by a formless jellyfish for 1 turns
 61746 | Vaults:3 | Received a gift from Okawaru
 62093 | Vaults:3 | Reached skill level 21 in Fighting
 62107 | Vaults:3 | Reached XP level 23. HP: 127/160 MP: 33/33
 62417 | Vaults:3 | Received a gift from Okawaru
 63719 | Vaults:4 | Reached skill level 1 in Throwing
 64193 | Vaults:4 | Received a gift from Okawaru
 64208 | Vaults:4 | Paralysed by a formless jellyfish for 1 turns
 64550 | Depths:1 | Entered Level 1 of the Depths
 64741 | Depths:1 | Reached skill level 5 in Throwing
 64994 | Depths:1 | Found a one-way gate to the infinite horrors of the Abyss.
 65053 | Depths:1 | Received a gift from Okawaru
 65068 | Depths:1 | Found a gateway to Hell.
 65070 | Depths:1 | Identified the +0 ring mail of the Mackerel {Will++ Str+3
                  | Int+3}
 65119 | Depths:1 | Found a one-way gateway to a ziggurat.
 65295 | Depths:1 | Reached skill level 22 in Fighting
 65606 | Depths:1 | You fall into a shaft and drop 1 floor!
 65616 | Depths:2 | Noticed Boris
 65628 | Depths:1 | Killed Boris
 65865 | Depths:1 | Found Berebleh's Assorted Antiques.
 65897 | Depths:1 | Reached XP level 24. HP: 152/168 MP: 33/33
 66046 | Depths:1 | Noticed a golden dragon
 66054 | Depths:1 | Killed a golden dragon
 66209 | Depths:2 | Found Osyumniz's Magic Scroll Shop.
 66236 | Depths:2 | Found a one-way gate leading to the halls of Pandemonium.
 66526 | Depths:2 | Found a flickering gateway to a bazaar.
 66532 | Bazaar   | Entered a bazaar
 66556 | Bazaar   | Found Taukly's Antique Weapon Shoppe.
 66577 | Bazaar   | Found Mep Miylo's Antique Armour Emporium.
 66577 | Bazaar   | Found Katorak's Magic Scroll Shoppe.
 66587 | Bazaar   | Bought a glowing cloak for 202 gold pieces
 66604 | Bazaar   | Found Gasmuv's Distillery.
 66610 | Bazaar   | Bought a potion of curing for 33 gold pieces
 66610 | Bazaar   | Bought a potion of haste for 110 gold pieces
 66610 | Bazaar   | Bought a potion of curing for 33 gold pieces
 66610 | Bazaar   | Bought a potion of mutation for 88 gold pieces
 66621 | Bazaar   | Found Pecileed's Magic Scroll Shoppe.
 67342 | Depths:2 | Received a gift from Okawaru
 67969 | Depths:2 | Found Teaze's Armour Emporium.
 68006 | Depths:2 | Found Enuegg's Jewellery Shoppe.
 68281 | Depths:3 | Received a gift from Okawaru
 69148 | Depths:3 | Noticed a golden dragon
 69153 | Depths:3 | Killed a golden dragon
 69232 | Depths:3 | Identified the amulet "Foimp" {Will+ Regen+ Int+3}
 69414 | Depths:3 | Reached skill level 10 in Throwing
 69462 | Depths:3 | Received a gift from Okawaru
 69754 | Depths:3 | Acquired the +3 pair of mountain boots {steadfast, rC+}
 69754 | Depths:3 | Found the +3 pair of mountain boots {steadfast, rC+}
 70258 | Depths:3 | Reached XP level 25. HP: 175/175 MP: 33/33
 70509 | Depths:4 | Entered Level 4 of the Depths
 70940 | Depths:4 | Received a gift from Okawaru
 70941 | Depths:4 | Reached skill level 15 in Translocations
 71277 | Depths:4 | Found Sonwuam's Book Shoppe.
 71277 | Depths:4 | Found Yqiomuin's Book Shoppe.
 71278 | Depths:4 | Found Alaetusk's Jewellery Shop.
 71784 | Depths:4 | Found a gate to the Realm of Zot.
 72133 | Vaults:5 | Entered Level 5 of the Vaults
 72151 | Vaults:5 | Reached skill level 23 in Fighting
 72225 | Vaults:5 | Reached skill level 10 in Armour
 72228 | Vaults:5 | Received a gift from Okawaru
 72349 | Vaults:5 | Identified the +5 great sword "Yhuadiah" {heavy, *Rage rN+
                  | MP+9}
 72349 | Vaults:5 | Identified the ring "Raunaz" {rF+ SInv}
 72504 | Vaults:5 | Received a gift from Okawaru
 72866 | Vaults:5 | Identified the +0 leather armour of Tomorrow {Int+3}
 72875 | Vaults:5 | Identified the +5 leather armour "Ajitiru" {Will++ Int-4}
 72976 | Vaults:5 | Identified the +9 ring mail of Leaves {Harm}
 73198 | Vaults:5 | Found Buhuc's Magic Scroll Emporium.
 73210 | Vaults:5 | Bought a scroll of fog for 80 gold pieces
 73258 | Vaults:5 | Found Baxiyv's Distillery.
 73262 | Vaults:5 | Bought a potion of heal wounds for 80 gold pieces
 73262 | Vaults:5 | Bought 2 potions of enlightenment for 160 gold pieces
 73262 | Vaults:5 | Bought a potion of curing for 48 gold pieces
 73292 | Vaults:5 | Reached XP level 26. HP: 183/183 MP: 33/33
 73298 | Vaults:5 | Received a gift from Okawaru
 73308 | Vaults:5 | Identified the ring of Mixoejab {Wiz +Blink rPois Dex+3}
 73417 | Vaults:5 | Identified the staff of Labbif {rC+ rN+ Dex-4 SInv Ice}
 73755 | Vaults:5 | Reached skill level 15 in Throwing
 74066 | Vaults:5 | Noticed a dread lich
 74072 | Vaults:5 | Killed a dread lich
 74214 | Vaults:5 | Got a silver rune of Zot
 74326 | Vaults:5 | Noticed an ancient lich
 74329 | Vaults:5 | Killed an ancient lich
 74356 | Vaults:5 | Found Ustuidyu's Magic Scroll Boutique.
 74363 | Vaults:5 | Bought a scroll of blinking for 127 gold pieces
 74363 | Vaults:5 | Bought a scroll of acquirement for 884 gold pieces
 74363 | Vaults:5 | Acquired 866 gold pieces
 74765 | Snake:2  | Bought the ring of Beogh's Whim {rCorr Int-4 Dex+5 SInv}
                  | for 415 gold pieces
 75094 | Zot:1    | Entered Level 1 of the Realm of Zot
 75118 | Zot:1    | Received a gift from Okawaru
 75535 | Zot:1    | Reached skill level 24 in Fighting
 75905 | Zot:1    | Identified the +7 glaive of the Abyss {speed, rC+ rN+ Will+
                  | Dex+4}
 75965 | Zot:1    | Received a gift from Okawaru
 76635 | D:13     | Bought a +0 triple crossbow for 180 gold pieces
 76864 | Vaults:5 | Bought a scroll of enchant weapon for 150 gold pieces
 77263 | Zot:2    | Noticed a curse toe
 77267 | Zot:2    | Killed a curse toe
 77807 | Zot:2    | Received a gift from Okawaru
 78200 | Zot:2    | Identified the +3 chain mail of Qisiph {Will++ rCorr}
 78420 | Zot:2    | Reached XP level 27. HP: 192/192 MP: 33/33
 78469 | Zot:2    | Acquired a manual of Throwing
 79391 | Zot:3    | Identified the +0 robe of Cynicism {rN+ Str+4}
 79634 | Zot:3    | Found a transporter.
 79903 | Zot:3    | Found a transporter.
 79911 | Zot:3    | Found a transporter.
 79912 | Zot:3    | Found a transporter.
 80373 | Zot:3    | Received a gift from Okawaru
 80392 | Zot:3    | Reached skill level 25 in Fighting
 81622 | Zot:4    | Noticed a Killer Klown
 81629 | Zot:4    | Killed a Killer Klown
 81629 | Zot:4    | Received a gift from Okawaru
 83197 | Zot:4    | Received a gift from Okawaru
 83495 | Zot:4    | Found a blossoming altar of Fedhas.
 83622 | Zot:5    | Entered Level 5 of the Realm of Zot
 83622 | Zot:5    | Noticed a Killer Klown
 83628 | Zot:5    | Killed a Killer Klown
 83806 | Zot:5    | Reached skill level 26 in Fighting
 84163 | Zot:5    | Received a gift from Okawaru
 84803 | Zot:5    | Noticed an ancient lich
 84806 | Zot:5    | Killed an ancient lich
 84931 | Zot:5    | Noticed an orb of fire
 84944 | Zot:5    | Killed an orb of fire
 85263 | Zot:5    | Noticed an orb of fire
 85265 | Zot:5    | Gained mutation: You occasionally lose the ability to drink
                  | potions when taking damage. [an orb of fire]
 85265 | Zot:5    | Gained mutation: You are frail. (-10% HP) [an orb of fire]
 85271 | Zot:5    | Killed an orb of fire
 85272 | Zot:5    | Lost mutation: You occasionally lose the ability to drink
                  | potions when taking damage. [potion of mutation]
 85272 | Zot:5    | Lost mutation: You are frail. (-10% HP) [potion of
                  | mutation]
 85272 | Zot:5    | Gained mutation: Your magical capacity is low. (-10% MP)
                  | [potion of mutation]
 85272 | Zot:5    | Lost mutation: Your magical capacity is low. (-10% MP)
                  | [potion of mutation]
 85384 | Zot:5    | Noticed a dread lich
 85389 | Zot:5    | Killed a dread lich
 85593 | Zot:5    | Noticed an orb of fire
 85597 | Zot:5    | Gained mutation: You sometimes lose your temper in combat.
                  | [an orb of fire]
 85598 | Zot:5    | Killed an orb of fire
 85660 | Zot:5    | Noticed an orb of fire
 85663 | Zot:5    | Lost mutation: You sometimes lose your temper in combat.
                  | [potion of mutation]
 85663 | Zot:5    | Gained mutation: You are resistant to electric shocks.
                  | (rElec) [potion of mutation]
 85663 | Zot:5    | Gained mutation: You have large cloven feet. [potion of
                  | mutation]
 85663 | Zot:5    | Gained mutation: Your system is resistant to poisons.
                  | (rPois) [potion of mutation]
 85668 | Zot:5    | Killed an orb of fire
 85673 | Zot:5    | Noticed a Killer Klown
 85676 | Zot:5    | Killed a Killer Klown
 85795 | Zot:5    | Noticed an orb of fire
 85799 | Zot:5    | Killed an orb of fire
 86142 | Zot:5    | Noticed a dread lich
 86464 | Zot:5    | Noticed a Killer Klown
 86467 | Zot:5    | Killed a Killer Klown
 86829 | Zot:5    | Noticed an orb of fire
 86991 | Zot:5    | Noticed an orb of fire
 86998 | Zot:5    | Killed an orb of fire
 87121 | Zot:5    | Noticed an orb of fire
 87127 | Zot:5    | Killed an orb of fire
 87132 | Zot:5    | Noticed a Killer Klown
 87139 | Zot:5    | Killed a Killer Klown
 87250 | Zot:5    | Noticed an orb of fire
 87256 | Zot:5    | Killed an orb of fire
 87372 | Zot:5    | Noticed an orb of fire
 87382 | Zot:5    | Killed an orb of fire
 87890 | Zot:5    | Killed a dread lich
 87908 | Zot:5    | Noticed an orb of fire
 87922 | Zot:5    | Killed an orb of fire
 87923 | Zot:5    | Reached skill level 27 in Fighting
 88450 | Zot:5    | Killed an orb of fire
 89916 | Zot:5    | Noticed an ancient lich
 89920 | Zot:5    | Killed an ancient lich
 90149 | Zot:5    | Got the Orb of Zot
 90356 | Depths:4 | Noticed Fiateid the pandemonium lord
 90363 | Depths:4 | Killed Fiateid the pandemonium lord
 90942 | D:$      | Escaped with the Orb!

Illustrated notes

Levels and vault maps discovered:
D:1:      tarquinn_simple_flora_water_d, layout_loops_ring
D:2:      layout_loops_ring, basic_altar,
          shapermc_ecumenical_altar_starsandcircs, uniq_robin
D:3:      layout_loops_ring, pf_just_have_faith, serial_shops,
          nicolae_diamond_shop, ebering_ghost_sewer_f, grunt_decor_arrowhead,
          minmay_misc_feat_ornament
D:4:      layout_loops_corners, minmay_temple_entry_stoned_glass,
          minmay_tree_intersection
D:5:      minmay_general_purpose_star, layout_basic,
          minmay_shop_enchanted_jewellery, kennysheep_diamond
D:6:      layout_loops_ring, serial_shops, nicolae_lakefront_shop, centaur_isle,
          uniq_blork_the_orc
D:7:      layout_basic, uniq_maggie
D:8:      layout_basic, mainiacjoe_overflow_tiny_flanked,
          mainiacjoe_overflow_two_lobes
D:9:      layout_roguey, gammafunk_ghost_ooze, uniq_psyche
D:10:     layout_long_grid, grunt_temple_overflow_open, trog_ov_bears_minmay,
          david_lair_shrubbed, serial_shops, nicolae_shop_hallway_plus,
          bh_walls_and_bars
D:11:     layout_loops_corners, hiddenorc1_lemuel,
          portal_ice_cave_demonic_guard, nicolae_shop_clearance
D:12:     layout_rooms, serial_shops, nicolae_lakefront_shop, uniq_snorg
D:13:     layout_rooms, david_vaults_5, nicolae_shop_firing_range
D:14:     minmay_separated_statues, layout_basic, grunt_dithmenos_shadows
D:15:     grunt_enter_depths_giant_problem, layout_small_grid,
          serial_co_window_serial, co_window_paths_a, co_window_paths_a,
          co_window_of_opportunity_a, co_window_paths_b, co_window_paths_a,
          co_window_paths_b, co_window_paths_a, co_window_of_opportunity_b,
          co_window_cross_2, co_window_broadway_c, co_window_2corner,
          co_window_sun, co_window_paths_e, glass_columns_b, glass_columns_a,
          glass_columns_a, glass_columns_c, glass_columns_a,
          nicolae_lava_and_water, nicolae_kikubaaqudgha_miasma_corner,
          uniq_jorgrun
Temple:   cyrus_circular_temple
Lair:1:   layout_cave_shapes, uniq_erica
Lair:2:   layout_cave_shapes
Lair:3:   layout_regular_city, shoals_dummy_entry,
          minmay_snake_entry_six_corridors
Lair:4:   layout_cave_pods, nicolae_slime_entry_field_trip, serial_bayou_ford_a,
          wad_woods_03, serial_bayou_shore_b, infiniplex_staircase_pool,
          grunt_megastairs_2, serial_bayou_shore_b, uniq_kirke, uniq_sonja
Lair:5:   evilmike_catoblepas_cave, layout_regular_city, enter_volcano_2,
          lemuel_centaur_altar
Shoals:1: layout_shoals, st_cyclops
Shoals:2: layout_shoals, uniq_roxanne, uniq_frances, uniq_ilsuiw
Shoals:3: layout_shoals, uniq_mara
Shoals:4: shoals_end_hellmonk_lost_city, serial_shops, uniq_polyphemus
Snake:1:  layout_grid_maze, uniq_aizul
Snake:2:  layout_concentric_octagons, serial_bayou_pond_b, minmay_shoptagon,
          uniq_azrael
Snake:3:  nicolae_sea_snake_s, layout_gridlike, serial_shops, shop, st_stairs_7
Snake:4:  grunt_snake_rune_serpentine_throne, layout_cave_town,
          nicolae_snake_springs, uniq_nikola
Orc:1:    layout_caves, mines3_lemuel, uniq_josephine
Orc:2:    grunt_orc_cross, layout_diamond_mine, basic_altar,
          ebering_ghost_reflecting_pool
Elf:1:    nicolae_elf_arrival_fired_up, layout_geoelf_grid,
          hangedman_elf_represent
Elf:2:    nicolae_elf_blades_splatter_lattice
          [nicolae_blade_entry_floor_patterns], layout_onion_city, uniq_donald
Elf:3:    elf_hall, layout_geoelf_castle
Vaults:1: portal_desolation_entry_nicolae_slug, grunt_vaults_funnel,
          v_pattern_3, hangedman_vaults_capsules, v_misc_19,
          nicolae_vaults_house_2, nicolae_vaults_little_squares_4,
          nicolae_vaults_more_shelving_2, nicolae_vaults_surprise_closet,
          nicolae_vaults_asterisk, nicolae_vaults_storage_room_water,
          layout_vaults_omnigrid
Vaults:2: nicolae_vaults_three_branches, nicolae_vaults_little_squares_6,
          nicolae_vaults_doubleplus_tesselated, v_misc_28,
          minmay_crypt_entry_vampire_xt, v_misc_11,
          nicolae_vaults_door_testing_chamber, vaults_mumra_minichess,
          nicolae_vaults_trapezoid_3, layout_vaults_chaotic_city
Vaults:3: nicolae_vaults_mini_display_case, vaults_dpeg_emergency_exit,
          nicolae_vaults_theta, hangedman_vaults_restitches, v_rooms_1,
          nicolae_vaults_trapezoid_2, vaults_dpeg_diagonal,
          nicolae_vaults_variable_pillar_hall, v_misc_24, v_misc_25,
          nicolae_vaults_oval_intersection, vaults_dpeg_ring,
          vaults_mumra_hexcomb, nicolae_vaults_house_1,
          layout_vaults_maze_snakey
Vaults:4: nicolae_vaults_closet_pinwheel_3, nicolae_vaults_library_corner,
          nicolae_vaults_tangram_1, nicolae_vaults_six-pack,
          vaults_mumra_minichess_inversion, nicolae_vaults_stairing_the_circle,
          v_rooms_4, nicolae_vaults_hallways_thing, v_alt_pattern_1,
          dpeg_vaults_monster_row, layout_vaults_ring
Vaults:5
Depths:1: layout_cave_pools, enter_ziggurat_d, lightli_too_deep,
          dk_noncrumbling_3, abyss_entry, serial_shops,
          nicolae_shop_tiny_real_fake_doors, nicolae_two_hexagons,
          kennysheep_two_boxes
Depths:2: nzn_winding_woodlands_small [nzn_winding_woodlands_5x15_twine,
          nzn_winding_woodlands_center_lodge,
          nzn_winding_woodlands_5x15_concentric], layout_basic,
          nicolae_abyss_entry_one_way_or_another, pan_entry, serial_shops,
          bzr_firewalk, shop, shop, nicolae_shop_gaudy_bauble,
          hangedman_coc_ice_floe, solitary_fountain, uniq_boris
Depths:3: minmay_four_inscribed_fans, layout_gridlike, hangedman_decor_riveting,
          hell_entry, rand_demon_pan_entry_1, abyss_entry
Depths:4: evilmike_zot_entry_hall, layout_gridlike, pf_hell_entry_tar_river,
          abyss_entry, dk_noncrumbling_4, minmay_shop_grove, uniq_margery
Zot:1:    layout_onion_interference, regret_index_zotdec_magical_s
Zot:2:    layout_misc_corridors, hangedman_zot_gyre,
          regret_index_zotdec_split_disrupt,
          regret_index_zotdec_serpentine_scales
Zot:3:    infiniplex_zot_generator, layout_onion,
          regret_index_zotdec_stipple_waver, regret_index_zotdec_dark_gr,
          nicolae_diode_intersection
Zot:4:    layout_gridlike, regret_index_zotdec_icy_dp, grunt_megastairs_3
Zot:5:    layout_basic, grunt_ministairs_5

Skill      XL: |  1  2  3  4  5  6  7  8  9 10 11 12 13 14 15 16 17 18 19 20 21 22 23 24 25 26 27 |
---------------+----------------------------------------------------------------------------------+-----
Ranged Weapons | 3 4 5 7 9 11 14 16 17 18 19 20 21 22 24 25 26 | 26.0
Stealth        | 1 2 3 4 5 6 10 11 12 | 12.0
Shields        | 1 2 |  2.0
Fighting       | 2 6 7 10 12 13 14 15 17 18 19 21 22 23 24 27 | 27.0
Hexes          | 4 5 6 7 |  7.0
Spellcasting   | 2 3 4 5 |  5.0
Translocations | 4 6 7 9 11 12 14 16 17 | 17.1
Dodging        | 4 5 6 10 12 13 14 15 16 18 19 20 21 22 26 | 26.5
Invocations    | 3 5 9 11 13 14 | 14.0
Armour         | 4 5 6 7 8 9 10 12 14 | 14.7
Evocations     | 3 6 7 9 10 | 10.0
Throwing       | 6 10 14 15 | 15.2
Fire Magic     | |  1.0

Action                     |  1- 3 |  4- 6 |  7- 9 | 10-12 | 13-15 | 16-18 | 19-21 | 22-24 | 25-27 || total
---------------------------+-------+-------+-------+-------+-------+-------+-------+-------+-------++-------
  Melee: Arbalest          |       |       |       |       |       |     2 |       |       |       ||     2
   Fire: Sling             |    97 |    79 |   171 |       |       |       |       |       |       ||   347
         Shortbow          |       |       |    25 |   446 |   143 |       |       |       |       ||   614
         Arbalest          |       |       |       |       |   358 |   801 |   930 |   867 |  1237 ||  4193
         Triple crossbow   |       |       |       |       |       |       |       |       |    46 ||    46
  Throw: Dart              |       |       |     2 |       |       |     2 |       |       |       ||     4
   Cast: Jinxbite          |     2 |     6 |    16 |    51 |    16 |       |       |       |       ||    91
         Gell's Gravitas   |       |       |       |     3 |     1 |       |       |       |       ||     4
         Blink             |       |       |       |     2 |     6 |       |       |       |       ||     8
         Apportation       |       |       |       |       |       |       |       |     1 |       ||     1
 Invoke: Heroism           |       |       |       |       |     1 |     2 |     2 |       |     3 ||     8
         Receive Weapon    |       |       |       |       |     1 |       |       |       |       ||     1
         Finesse           |       |       |       |       |     1 |     8 |    14 |     3 |    21 ||    47
         Receive Armour    |       |       |       |       |       |     1 |       |       |       ||     1
  Evoke: Wand              |       |     1 |     3 |     3 |     2 |       |     2 |     2 |     1 ||    14
    Use: Scroll            |       |     9 |     6 |    13 |     3 |    11 |     6 |     5 |    22 ||    75
         Potion            |       |       |     5 |     1 |     5 |     2 |     6 |     3 |    13 ||    35
 Armour: Robe              |    16 |    14 |    52 |   143 |    88 |   115 |    42 |       |       ||   470
         Steam dragon scal |       |       |    10 |    28 |       |       |       |       |       ||    38
         Leather armour    |       |       |       |       |    48 |    30 |   150 |   191 |   281 ||   700
  Dodge: Dodged            |    17 |    23 |    93 |   281 |   263 |   401 |   332 |   485 |   596 ||  2491
         Repelled          |       |       |       |       |     7 |    11 |       |       |       ||    18
  Block: Buckler           |       |     8 |    39 |       |       |       |       |       |       ||    47
         Other             |       |       |       |       |       |     8 |    56 |    82 |    83 ||   229
         Reflection        |       |       |       |       |       |     1 |     6 |    11 |     5 ||    23
